 Dungeon Sprint DCSS version 0.17-a0-1838-g891d947 (webtiles) character file.

268 nuthulu the Skirmisher (level 6, -1/44 HPs)
             Began as a Gargoyle Fighter on Sept 15, 2015.
             Slain by a human
             ... wielding a +0 spear
              (6 damage)
             ... in the Dungeon (Sprint III: "The Ten Rune Challenge").
             The game lasted 00:01:22 (358 turns).

nuthulu the Skirmisher (Gargoyle Fighter)            Turns: 358, Time: 00:01:22

Health: -1/44      AC: 12    Str: 20    XL:     6   Next: 21%
Magic:  6/6        EV:  8    Int:  8    God:
Gold:   23         SH: 11    Dex: 11    Spells: 0 memorised, 5 levels left

rFire  . . .     SeeInvis .     a - +0 flail
rCold  . . .     Clarity  .     b - +0 scale mail
rNeg   + . .     SustAt   .     c - +0 shield
rPois  ∞         Gourm    .     (no helmet)
rElec  +         Spirit   .     (no cloak)
rCorr  .         Warding  .     (no gloves)
rMut   .         NoTele   +     (no boots)
MR     .....                    (no amulet)
Stlth  ..........               (no ring)
                                (no ring)

@: exhausted, slowed, very slow, not resistant to hostile enchantments,
extremely unstealthy
A: negative energy resistance 1, electricity resistance, unbreathing,
petrification resistance, rot immunity, AC +4
a: no special abilities


You were in the Dungeon.
You were not hungry.

You visited 1 branch You collected 23 gold pieces.

Inventory:

Hand weapons
 a - a +0 flail (weapon)
Armour
 b - a +0 scale mail (worn)
 c - a +0 shield (worn)
Scrolls
 k - 2 scrolls of blinking
 l - 2 scrolls of immolation {unknown}
 m - 2 scrolls of torment {unknown}
 n - 2 scrolls of identify
 r - a scroll of remove curse {unknown}
Potions
 f - a potion of curing
 g - a potion of heal wounds
 i - 2 potions of magic
 p - a potion of cure mutation
 q - 3 potions of flight
Comestibles
 e - a bread ration
 o - a royal jelly
 s - 2 fruits


   Skills:
 + Level 7.7 Fighting
 + Level 6.4 Maces & Flails
 + Level 7.6 Armour
 + Level 7.5 Shields


You had 5 spell levels left.
You didn't know any spells.

Dungeon Overview and Level Annotations

Branches:
Dungeon (1/1)

Altars:
Okawaru
Trog


Innate Abilities, Weirdness & Mutations

You are resistant to torment.
Your stone body is resilient (AC +4).
You are immune to poison.
You resist negative energy.
You are resistant to electric shocks.
You can survive without breathing.
You are immune to petrification.
You are immune to rotting.


Message History

Unknown command.
You miss the human. The human hits you with a spear!
You closely miss the human. The human hits you with a spear.
Your shield and scale mail prevent you from hitting the human.
The human hits you with a spear!
You sock the human!
The human is moderately wounded.
The human hits you with a spear!
* * * LOW HITPOINT WARNING * * *
Your shield prevents you from hitting the human.
The human is moderately wounded.
The human hits you with a spear.
* * * LOW HITPOINT WARNING * * *
You sock the human!
The human is heavily wounded.
You are no longer berserk.
You are exhausted.
You feel yourself slow down. The human barely misses you.
The human hits you with a spear.
You die...

▓▓ ▓▓▓ .#### ##.# #####
....#####..# #__[#
.....#..#..# #p†.#
##...#..#..###+#@###+##
###..##+#..#..........#
.##..###...+.⌠........#
##..####...#...######+#
##.)###....#.⌠.#
#...##.....#...#
....#......#+###
..##.#.....# ..
####....#


You could see a human (berserk).

Vanquished Creatures
  A water elemental (D)
  Jessica (D)
  2 humans (D)
  A wolf (D)
  2 oozes (D)
  A rat (D)
8 creatures vanquished.

Vanquished Creatures (others)
  2 draconian scorchers (D)
  2 yaktaurs (D)
  2 plants (D)
6 creatures vanquished.

Grand Total: 14 creatures vanquished

Notes
Turn   | Place    | Note
--------------------------------------------------------------
     0 | D        | nuthulu the Gargoyle Fighter began the quest for the Orb.
     0 | D        | Reached XP level 1. HP: 14/14 MP: 1/1
    35 | D        | Reached skill level 4 in Fighting
    35 | D        | Reached XP level 2. HP: 14/20 MP: 2/2
    83 | D        | Killed a yaktaur
   177 | D        | Noticed Jessica
   185 | D        | Killed a white draconian scorcher
   186 | D        | Killed Jessica
   186 | D        | Reached skill level 5 in Fighting
   186 | D        | Reached XP level 3. HP: 24/26 MP: 3/3
   224 | D        | Killed a white draconian scorcher
   227 | D        | Reached skill level 5 in Armour
   227 | D        | Reached skill level 5 in Shields
   259 | D        | Noticed a wolf
   268 | D        | Killed a wolf
   268 | D        | Reached XP level 4. HP: 31/31 MP: 4/4
   286 | D        | Gained mutation: You have a somewhat thin skeletal structure (Dex +2, Stealth). [potion of mutation]
   286 | D        | Gained mutation: You expend magic power (3 MP) to strengthen your wands. [potion of mutation]
   286 | D        | Gained mutation: You tend to lose your temper in combat. [potion of mutation]
   287 | D        | Lost mutation: You tend to lose your temper in combat. [potion of cure mutation]
   287 | D        | Lost mutation: You expend magic power (3 MP) to strengthen your wands. [potion of cure mutation]
   287 | D        | Lost mutation: You have a somewhat thin skeletal structure (Dex +2, Stealth). [potion of cure mutation]
   288 | D        | Gained mutation: Scrolls take you a little longer to read. [potion of mutation]
   288 | D        | Gained mutation: You have sharp fingernails. [potion of mutation]
   288 | D        | Gained mutation: You have large cloven feet. [potion of mutation]
   289 | D        | Lost mutation: Scrolls take you a little longer to read. [potion of cure mutation]
   289 | D        | Lost mutation: You have large cloven feet. [potion of cure mutation]
   289 | D        | Lost mutation: You have sharp fingernails. [potion of cure mutation]
   296 | D        | Noticed a water elemental
   304 | D        | Killed a water elemental
   304 | D        | Reached skill level 6 in Fighting
   304 | D        | Reached skill level 5 in Maces & Flails
   304 | D        | Reached XP level 5. HP: 32/37 MP: 5/5
   340 | D        | Killed a yaktaur
   345 | D        | Found an iron altar of Okawaru.
   345 | D        | Found a bloodstained altar of Trog.
   345 | D        | Noticed a human
   346 | D        | Noticed a human
   351 | D        | Killed a human
   351 | D        | Reached skill level 7 in Fighting
   351 | D        | Reached XP level 6. HP: 44/44 MP: 6/6
   358 | D        | Slain by a human

Vault maps used:
D:        dungeon_sprint_mu

Action                   |  1- 3 |  4- 6 || total
-------------------------+-------+-------++-------
Melee: Flail             |    33 |    19 ||    52
  Use: Potion            |     1 |     6 ||     7
       Scroll            |       |     1 ||     1
